 Dungeon Crawl Stone Soup version 0.27.0 (webtiles) character file.

Game seed: 10490820386878945393

67 Raultor the Skirmisher (level 3, -5/31 HPs)
             Began as a Demonspawn Gladiator on July 30, 2021.
             Slain by an orc priest (6 damage)
             ... on level 3 of the Dungeon.
             The game lasted 00:02:15 (2505 turns).

Raultor the Skirmisher (Demonspawn Gladiator)       Turns: 2505, Time: 00:02:15

Health: -5/31      AC:  6    Str: 15    XL:     3   Next: 98%
Magic:  3/3        EV: 11    Int:  9    God:
Gold:   138        SH:  0    Dex: 14    Spells: 2/2 levels left

rFire    . . .     SeeInvis .   a - +0 long sword
rCold    . . .     Faith    .   (no shield)
rNeg     . . .     Spirit   .   h - +0 ring mail
rPois    .         Reflect  .   c - +0 helmet
rElec    .         Harm     .   (no cloak)
rCorr    .         Rampage  .   (no gloves)
Will     .....                  (no boots)
Stlth    +.........             (no amulet)
HPRegen  0.10/turn              (no ring)
MPRegen  0.16/turn              (no ring)

@: no status effects
A: magic regeneration
a: no special abilities


You were on level 3 of the Dungeon.
You visited 1 branch of the dungeon, and saw 3 of its levels.

You collected 138 gold pieces.


Innate Abilities, Weirdness & Mutations

You regenerate magic rapidly.


   Skills:
 + Level 4.3 Fighting
 - Level 2.6 Long Blades
 - Level 1.7 Throwing
 - Level 2.6 Dodging


You had 2 spell levels left.
You didn't know any spells.
Your spell library was empty.

Inventory:

Hand Weapons
 a - a +0 long sword (weapon)
 j - a +3 dagger of electrocution
Missiles
 d - 3 throwing nets (quivered) {=f}
Armour
 b - a +0 leather armour
 c - a +0 helmet (worn)
 h - a +0 ring mail (worn)
Scrolls
 f - a scroll of fear {unknown}
 g - 2 scrolls of identify {unknown}
 i - a scroll of amnesia {unknown}
 k - a scroll of teleportation {unknown}
Potions
 e - a potion of brilliance {unknown}
 l - a potion of lignification {unknown}
 m - a potion of might {unknown}

Dungeon Overview and Level Annotations

Branches:
Dungeon (3/15)

Altars:
Hepliaklqana
Zin

#..# #.#
#............
#..# #.#
#.#####.#.###
#..####.# #.#
#.##### #.......#
#.# #......
#####.### #.#
####### #.#
#########.# #.#
#....)....#
#.▓▓▓▓▓▓▓▓▓)###.#
#▓..≈≈≈≈≈.@▓# #.#
.≈.....≈o▓ #.#
.≈.≈≈≈.≈.▓ #.#
.≈≈...≈≈.▓ #.#
≈≈.⚑.≈≈.▓ #.#
≈≈...≈≈.▓ #.#
≈.≈≈≈)≈.▓
≈.....≈.▓


You could see an orc priest.


Message History

You kill the orc!
You swing at nothing.
You swing at nothing.
You swing at nothing.
You swing at nothing.
The orc priest shouts!
The orc priest calls down the wrath of Beogh upon you.
Beogh smites you!
* * * LOW HITPOINT WARNING * * *
Items here: )) [ †.
The orc priest barely misses you.
You closely miss the orc priest. The orc priest completely misses you.
The orc priest closely misses you.
You riposte.
You barely miss the orc priest. You barely miss the orc priest.
The orc priest hits you with a +0 mace.
* * * LOW HITPOINT WARNING * * *
You barely miss the orc priest. The orc priest hits you with a +0 mace.
* * * LOW HITPOINT WARNING * * *
You hit the orc priest.
The orc priest is lightly wounded.
The orc priest barely misses you.
You slash the orc priest!
The orc priest is severely wounded.
The orc priest mumbles some strange prayers to Beogh against you.
Pain shoots through your body!
* * * LOW HITPOINT WARNING * * *
The orc priest barely misses you.
You closely miss the orc priest.
The orc priest is severely wounded.
The orc priest hits you with a +0 mace.
You die...

Skill      XL: |  1  2  3 |
---------------+----------+-----
Fighting       | 3 4 |  4.3
Long Blades    | |  2.6
Throwing       | |  1.7
Dodging        | |  2.6

Action                   || total
-------------------------++-------
Melee: Long sword        ||   110
 Stab: Sleeping          ||     1
Armor: Leather armour    ||    13
       Ring mail         ||    24
Dodge: Dodged            ||    73
       Rpst.: Long sword ||    27

Levels and vault maps discovered:
D:1:      dpeg_arrival_water_temple_mockup, layout_basic, serial_bayou_lake_a
D:2:      layout_basic, basic_altar, minmay_misc_feat_more_columns,
          minmay_misc_feat_iff
D:3:      layout_loops_ring, mainiacjoe_overflow_paths,
          gammafunk_temple_overflow_pools, zin_scriptorium, uniq_terence

Notes
Turn   | Place    | Note
-------+----------+-------------------------------------------
     0 | D:1      | Raultor the Demonspawn Gladiator began the quest for the
                  | Orb.
     0 | D:1      | Reached XP level 1. HP: 16/16 MP: 1/1
   251 | D:1      | You fall into a shaft and drop 1 floor!
   255 | D:2      | Gained mutation: You regenerate magic rapidly. [demonic
                  | ancestry]
   255 | D:2      | Reached XP level 2. HP: 23/23 MP: 2/2
   333 | D:2      | Reached skill level 3 in Fighting
   522 | D:2      | HP: 1/24 [goblin (2)]
   523 | D:2      | Reached XP level 3. HP: 1/29 MP: 3/3
  1998 | D:2      | Reached skill level 4 in Fighting
  2473 | D:3      | Found a hazy altar of Hepliaklqana.
  2504 | D:3      | HP: 1/31 [orc priest/nerve-wracking pain (7)]
  2505 | D:3      | Slain by an orc priest

Vanquished Creatures
  An adder (D:2)
  2 worms (D:2)
  A dart slug (D:2)
  4 orcs (D:3)
  4 endoplasms (D:1)
  5 goblins
  8 hobgoblins
  3 jackals (D:2)
  2 kobolds (D:1)
  2 quokkas
  3 ball pythons
  2 bats
  2 frilled lizards
39 creatures vanquished.

Vanquished Creatures (others)
  5 plants (D:1)
5 creatures vanquished.

Grand Total: 44 creatures vanquished

Table legend: (Time is in decaauts)
 A = Elapsed time spent in this place.
 B = Non-inter-level travel time spent in this place.
 C = Inter-level travel time spent in this place.
 D = Time resting spent in this place.
 E = Time spent auto-exploring this place.
 F = Levels seen in this place.
 G = Mean time per level.
                   A        B        C        D        E       F      G
               +--------+--------+--------+--------+--------+-----+--------+
         Total |   2569 |   2534 |     35 |      0 |   2216 |   3 |  856.3 |
       Dungeon |   2569 |   2534 |     35 |      0 |   2216 |   3 |  856.3 |
               +--------+--------+--------+--------+--------+-----+--------+

Top non-repeatable levels by time:
     D:2: 1269 daAuts
     D:1: 1046 daAuts
     D:3: 253 daAuts

Table legend:
 A = Non-vault XP
 B = Vault XP
 C = Vault XP percentage of total XP
 D = Non-vault monster count
 E = Vault monster count
 F = Vault count percentage of total count
                 A         B        C        D         E       F
            +---------+---------+-------+---------+---------+-------
      Total |      96 |       0 |   0.0 |      39 |       0 |   0.0
            +---------+---------+-------+---------+---------+-------
        D:1 |      23 |       0 |   0.0 |      13 |       0 |   0.0
        D:2 |      52 |       0 |   0.0 |      17 |       0 |   0.0
        D:3 |      21 |       0 |   0.0 |       9 |       0 |   0.0
            +---------+---------+-------+---------+---------+-------
